 Dungeon Crawl Stone Soup version 0.18.1-50-g88ac8fd (console) character file.

3708 CALLOUS the Thaumaturge (level 9, -2/54 HPs)
             Began as a High Elf Ice Elementalist on May 6, 2019.
             Was an Initiate of Ru.
             Slain by CALLOUS's ghost (8 damage)
             ... on level 10 of the Dungeon.
             The game lasted 06:01:46 (15871 turns).

CALLOUS the Thaumaturge (HEIE)                     Turns: 15871, Time: 06:01:46

Health: -2/54      AC: 11    Str:  7    XL:     9   Next: 91%
Magic:  24/24      EV: 23    Int: 24    God:    Ru [......]
Gold:   448        SH:  0    Dex: 25    Spells: 2 memorised, 25 levels left

rFire  + . .     SeeInvis .     a - +2 dagger (holy)
rCold  + . .     Gourm    .     s - +0 leather armour (curse)
rNeg   . . .     Faith    .     (no shield)
rPois  +         Spirit   .     (no helmet)
rElec  +         Dismiss  .     (no cloak)
rCorr  +         Reflect  .     (no gloves)
SustAt .         Harm     .     (no boots)
MR     .....                    (no amulet)
Stlth  ++++......               (no ring)
                                (no ring)

@: brilliant, agile, icy armour, resistant, drained, slow, not resistant to
hostile enchantments, stealthy
A: no striking features
a: Sacrifice Purity, Sacrifice Skill, Sacrifice Love, Reject Sacrifices,
Renounce Religion


You were on level 10 of the Dungeon.
You worshipped Ru.
Ru was noncommittal.
You were not hungry.

You visited 2 branches of the dungeon, and saw 12 of its levels.

You collected 448 gold pieces.

Inventory:

Hand Weapons
 a - a +2 dagger of holy wrath (weapon)
 b - a +2 short sword of draining
 n - a +7 club
 F - a +0 mace of protection
 G - a cursed -1 trident
 K - a +0 shortbow
 U - a +2 whip of venom
Missiles
 f - 264 stones (quivered)
 q - 136 bolts
 u - 98 arrows
 v - 4 javelins of returning
 x - 7 javelins of penetration
 H - a throwing net
 M - 3 tomahawks
 S - 48 sling bullets
 X - 29 poisoned needles
Armour
 s - a cursed +0 leather armour (worn)
 W - a cursed +0 leather armour
 Y - the +0 pair of boots "Obbump" {MP+9, unknown}
   (You found it on level 9 of the Dungeon)

   It affects your magic capacity (+9).
Jewellery
 r - an uncursed ring of positive energy {unknown}
 J - an uncursed amulet of guardian spirit {unknown}
 R - the amulet "Miumidyu" {+Rage MR+ Dex+4, unknown}
   (You found it on level 7 of the Dungeon)

   [amulet of rage]

   It affects your dexterity (+4).
   It affects your resistance to hostile enchantments.
   It lets you go berserk.
 Z - an uncursed ring of fire {unknown}
Wands
 O - a wand of disintegration (0/24)
Scrolls
 d - a scroll of enchant armour {unknown}
 g - 7 scrolls of teleportation {unknown}
 h - 6 scrolls of identify {unknown}
 j - a scroll of blinking {unknown}
 k - 2 scrolls of fog {unknown}
 y - 4 scrolls of remove curse {unknown}
 A - 6 scrolls of recharging {unknown}
 D - a scroll of magic mapping {unknown}
 E - 4 scrolls of random uselessness {unknown}
 I - a scroll of noise {unknown}
 P - a scroll of immolation {unknown}
 Q - a scroll of summoning {unknown}
 V - 2 scrolls of amnesia {unknown}
Potions
 i - 2 potions of curing
 o - 2 potions of brilliance
 p - a potion of lignification {unknown}
 w - a potion of magic
 z - a potion of flight {unknown}
 L - 2 potions of resistance
 T - a potion of agility
Books
 e - a book of Frost

   Spells                             Type                      Level
   a - Freeze                         Ice                          1
   b - Throw Frost                    Conjuration/Ice              2
   c - Ozocubu's Armour               Charms/Ice                   3
   d - Throw Icicle                   Conjuration/Ice              4
   e - Summon Ice Beast               Ice/Summoning                4
 C - a book of Fire

   Spells                             Type                      Level
   a - Ignite Poison                  Fire/Transmutation/Poison    3
   b - Fireball                       Conjuration/Fire             5
   c - Bolt of Fire                   Conjuration/Fire             6
   d - Delayed Fireball               Conjuration/Fire             7
   e - Ring of Flames                 Charms/Fire                  7
Comestibles
 c - 8 bread rations
 l - 13 fruits
 m - 2 slices of pizza
 B - 6 beef jerkies


   Skills:
 + Level 2.1(1.8) Fighting
 * Level 7.3(7.0) Bows
 * Level 7.1(6.8) Dodging
 + Level 4.1(3.8) Stealth
 * Level 10.6(10.2) Spellcasting
   Level 1.1(0.8) Conjurations
 * Level 5.8(5.5) Charms
 - Level 3.0(2.7) Ice Magic


You had 25 spell levels left.
You knew the following spells:

 Your Spells              Type           Power        Failure   Level  Hunger
a - Freeze                Ice            ####         1%          1    None
b - Ozocubu's Armour      Chrm/Ice       #####...     1%          3    None


Dungeon Overview and Level Annotations

Branches:
Dungeon (11/15)            Temple (1/1) D:4
   Lair: D:8-11         Orc: D:9-12

Altars:
Ashenzari
Cheibriados
Dithmenos
Elyvilon
Fedhas
Gozag
Kikubaaqudgha
Makhleb
Nemelex Xobeh
Okawaru
Pakellas
Qazlal
Ru
Trog
Vehumet
Xom
Yredelemnul
Zin
The Shining One

Shops:
D:5 :   D:7 *

Annotations:
D:1 9sbD, exclusion: sky beast
D:2 Natasha
D:4 1 exclusion
D:5 9tED, exclusions: troll and 1 more exclusion
D:6 8aEDlongswordofholy9tED, exclusions: angel, troll and water moccasin
D:7 1 exclusion
D:8 9pEDdaggerofdistortionglowingrobe9sbD, exclusion: sky beast, Psyche
D:9 9mEDdaggerofdrainglowingcloak9eEDgiantclubrobespiked, Erolcha, Maurice
D:10 9cgED9sED, 1 exclusion, CALLOUS's ghost, novice OpAM; Snorg
D:11 9cutED, exclusions: electric eel and hill giant


Message History

* * * LOW HITPOINT WARNING * * *
The centaur zombie barely misses you.
Drink which item? (? for menu, Esc to quit)
It was a potion of resistance.
You feel protected.
The centaur zombie hits you but does no damage.
CALLOUS's ghost completely misses you.
Drink which item? (? for menu, Esc to quit)
It was a potion of magic.
Magic courses through your body. The centaur zombie misses you.
CALLOUS's ghost completely misses you. The centaur zombie hits you.
* * * LOW HITPOINT WARNING * * *
Drink which item? (? for menu, Esc to quit)
It was a potion of agility.
You feel agile all of a sudden.
CALLOUS's ghost hits you but does no damage.
The centaur zombie misses you.
You hit the centaur zombie.
The centaur zombie convulses.
CALLOUS's ghost hits you!
You die...

..........
........)
..# .......
###..####
......
.?......
.l.. .......
#c.# ...%.#
#WZ# .....#
#@.# .c...#
#..#
.l...#####..
#.(#


WT.......... #(.# ............ #.!# .....#####. #......... ###..# #.........
#..# ...######. #..# ....# #..# ###..# ###..##### #..# You could see a wyvern, a
centaur, CALLOUS's ghost and a centaur zombie.

Vanquished Creatures
  A two-headed ogre (D:9)
  2 hippogriffs
  2 orc warriors (D:6)
  A phantom (D:9)
  4 ogres
  4 centaurs
  6 giant frogs
  6 scorpions
  3 wights (D:10)
  A howler monkey (D:5)
  A jelly (D:7)
  3 crimson imps
  A giant frog zombie (D:7)
  3 hounds
  3 orc priests
  3 giant frog skeletons
  9 orc wizards
  Ijyb (D:2)
  Terence (D:2)
  4 iguanas
  10 worker ants
  A hound zombie (D:7)
  A hound skeleton (D:4)
  A worker ant zombie (D:6)
  4 gnolls (D:6)
  A howler monkey skeleton (D:9)
  13 adders
  2 shadow imps
  An ooze (D:3)
  An adder zombie (D:7)
  9 worms
  4 giant geckos
  34 orcs
  5 bats
  6 giant cockroaches
  8 hobgoblins
  7 jackals
  8 kobolds
  A quokka (D:3)
  5 ball pythons
  A giant gecko skeleton (D:4)
  11 giant newts
  10 goblins
  A quokka skeleton (D:5)
  10 rats
214 creatures vanquished.

Vanquished Creatures (others)
  An iguana (D:7)
1 creature vanquished.

Grand Total: 215 creatures vanquished

Notes
Turn   | Place    | Note
--------------------------------------------------------------
     0 | D:1      | CALLOUS the High Elf Ice Elementalist began the quest for the Orb.
     0 | D:1      | Reached XP level 1. HP: 11/11 MP: 4/4
   485 | D:1      | Reached XP level 2. HP: 17/17 MP: 4/6
   551 | D:1      | Reached skill level 3 in Spellcasting
  1367 | D:1      | Reached XP level 3. HP: 21/21 MP: 6/8
  1372 | D:1      | Learned a level 3 spell: Ozocubu's Armour
  1773 | D:2      | Noticed Terence
  1790 | D:2      | Killed Terence
  1790 | D:2      | Reached skill level 4 in Spellcasting
  1790 | D:2      | Reached XP level 4. HP: 25/27 MP: 1/11
  1900 | D:2      | Noticed Ijyb
  1918 | D:2      | Killed Ijyb
  2352 | D:2      | Noticed Natasha
  2682 | D:2      | Reached skill level 5 in Spellcasting
  2682 | D:2      | Reached XP level 5. HP: 23/32 MP: 8/13
  3266 | D:3      | Reached skill level 1 in Charms
  4723 | D:4      | Found a shattered altar of Ashenzari.
  5057 | D:4      | Reached XP level 6. HP: 31/37 MP: 13/15
  5274 | D:4      | Found a staircase to the Ecumenical Temple.
  5282 | D:4      | Reached skill level 6 in Spellcasting
  5352 | Temple   | Entered the Ecumenical Temple
  5414 | Temple   | Became a worshipper of Ru the Awakened
  5603 | D:4      | Found a sparkling altar of Nemelex Xobeh.
  6485 | D:4      | Reached skill level 1 in Fighting
  6555 | D:5      | Entered Level 5 of the Dungeon
  6610 | D:5      | Found Afer's Book Emporium.
  6610 | D:5      | Noticed a sky beast
  7134 | D:5      | Reached XP level 7. HP: 41/43 MP: 15/18
  7569 | D:5      | Reached skill level 7 in Spellcasting
  7799 | D:5      | Reached skill level 1 in Bows
  8125 | D:4      | Reached skill level 5 in Dodging
  9001 | D:5      | Reached XP level 8. HP: 47/48 MP: 16/20
  9297 | D:6      | Reached skill level 8 in Spellcasting
 10041 | D:6      | Found a sparkling altar of Nemelex Xobeh.
 10385 | D:6      | Found a glowing silver altar of Zin.
 10385 | D:6      | Noticed an angel
 11432 | D:6      | Noticed a troll
 11602 | D:7      | Reached skill level 5 in Bows
 11840 | D:7      | Reached skill level 9 in Spellcasting
 11840 | D:7      | Reached XP level 9. HP: 53/53 MP: 17/23
 11898 | D:7      | Reached skill level 5 in Charms
 12059 | D:7      | Found a stormy altar of Qazlal.
 12093 | D:7      | Found a glowing golden altar of the Shining One.
 12236 | D:7      | Got a fine bronze amulet
 12352 | D:7      | Found an opulent altar of Gozag.
 12352 | D:7      | Found Gozag's Platinum Reserve.
 13249 | D:7      | Found a burning altar of Makhleb.
 13364 | D:8      | Found a stormy altar of Qazlal.
 13364 | D:8      | Noticed a troll
 13673 | D:8      | Noticed Psyche
 14361 | D:8      | Reached skill level 10 in Spellcasting
 14912 | D:9      | Got a pair of steaming boots
 15024 | D:9      | Noticed Maurice
 15288 | D:9      | Noticed Erolcha
 15301 | D:10     | Entered Level 10 of the Dungeon
 15416 | D:10     | Noticed CALLOUS's ghost (novice OpAM)
 15477 | D:10     | Noticed Snorg
 15809 | D:11     | Noticed a hill giant
 15841 | D:11     | Noticed a cyan ugly thing
 15871 | D:10     | Slain by CALLOUS's ghost

Skill      XL: |  1  2  3  4  5  6  7  8  9 |
---------------+----------------------------+-----
Spellcasting   | 3 4 5 6 7 9 10 | 10.6
Dodging        | 3 4 5 6 7 |  7.1
Charms         | 1 2 3 4 5 |  5.8
Stealth        | 3 4 |  4.1
Fighting       | 1 2 |  2.1
Bows           | 2 5 7 |  7.3
Conjurations   | |  1.1
Ice Magic      | |  3.0

Action                   |  1- 3 |  4- 6 |  7- 9 || total
-------------------------+-------+-------+-------++-------
Melee: Unarmed           |    16 |       |       ||    16
       Short sword       |    18 |    44 |    27 ||    89
       Dagger            |       |    31 |   186 ||   217
       Whip              |       |       |     8 ||     8
 Fire: Shortbow          |       |       |   165 ||   165
Throw: Stone             |     3 |   182 |    69 ||   254
       Javelin           |       |    47 |    27 ||    74
       Tomahawk          |       |       |     7 ||     7
 Cast: Freeze            |    57 |    75 |   179 ||   311
       Ozocubu's Armour  |     1 |     4 |    53 ||    58
Evoke: Wand              |       |       |     3 ||     3
  Use: Potion            |       |       |     5 ||     5
 Stab: Sleeping          |     4 |     7 |     2 ||    13
       Distracted        |       |     1 |       ||     1
  Eat: Chunk             |     3 |    15 |    26 ||    44
       Meat ration       |       |       |     1 ||     1
Armor: Robe              |     8 |    23 |    38 ||    69
       Leather armour    |       |       |    53 ||    53
Dodge: Dodged            |    45 |    75 |   373 ||   493
